Map: [EWC] Alcyone

Players

ByuN

  • Race: Terran Terran
  • Spawn Location: 1:00

Cure - Winner!

  • Race: Terran Terran
  • Spawn Location: 7:00

Event: Esports World Cup 2024

VOD

Have the link to the VOD?

Description

Time

  • Played on: Aug. 17, 2024, 8:23 a.m.
  • Length: 13:10

All games in this series

Show
View Real Time Build Order
Export as new Build Order

ByuN Terran 

Build Orders: Cyclone Opening 

Get SALT Encoding   

  12  0:00  SCV  
  13  0:12  SCV  
  14  0:17  Supply Depot  
  14  0:24  SCV  
  15  0:38  SCV  
  15  0:40  Barracks  
  15  0:42  Refinery  
  16  0:50  SCV  
  16  0:52  Refinery  
  17  1:02  SCV  
  18  1:14  SCV  
  19  1:27  Orbital Command, Reaper  
  19  1:31  Supply Depot  
  20  1:39  Factory  
  20  1:52  SCV  
  21  1:59  Reaper  
  22  2:04  SCV  
  23  2:17  SCV  
  23  2:19  Command Center  
  24  2:24  Cyclone  
  27  2:30  SCV  
  27  2:37  Starport  
  27  2:42  SCV  
  28  2:44  Supply Depot  
  28  2:48  Barracks Reactor  
  28  2:54  SCV  
  28  2:57  Cyclone  
  31  3:06  SCV  
  32  3:13  Medivac  
  32  3:18  SCV  
  35  3:21  Refinery  
  35  3:24  Marine x2  
  37  3:29  Factory Tech Lab  
  37  3:30  SCV  
  37  3:31  Orbital Command  
  38  3:41  Marine  
  38  3:42  SCV  
  40  3:52  Factory Tech Lab  
  40  3:54  Raven, SCV, Marine  
  40  3:55  Interference Matrix  
  44  3:57  SCV  
  44  3:59  Marine  
  46  4:04  Supply Depot  
  46  4:06  SCV  
  46  4:08  Barracks  
  46  4:09  SCV  
  48  4:18  Siege Tank, Marine x2  
  53  4:24  SCV  
  53  4:25  SCV  
  53  4:26  Supply Depot  
  53  4:29  Raven  
  57  4:36  SCV  
  57  4:37  SCV  
  59  4:39  Marine x2  
  61  4:49  SCV  
  61  4:50  Supply Depot, SCV  
  61  4:52  Siege Tank  
  66  5:00  Marine x2  
  66  5:01  SCV  
  66  5:02  SCV  
  70  5:09  Stimpack  
  70  5:11  Marine  
  71  5:15  SCV x2, Starport Reactor  
  71  5:16  Supply Depot  
  73  5:22  Command Center  
  73  5:25  Siege Tank  
  76  5:28  SCV  
  76  5:29  SCV  
  78  5:38  Marine x2  
  78  5:39  Supply Depot, Marine  
  78  5:42  SCV x2  
  83  5:49  Engineering Bay  
  83  5:50  Engineering Bay  
  83  5:52  Medivac  
  85  5:59  SCV, Refinery  
  85  6:00  Medivac  
  85  6:01  SCV  
  89  6:04  Marine  
  89  6:05  Marine x2  
  89  6:08  Barracks  
  92  6:15  Siege Tank  
  92  6:16  SCV x2  
  92  6:18  Supply Depot, Terran Infantry Weapons Level 1  
  97  6:21  Terran Infantry Armor Level 1  
  97  6:24  Marine  
  97  6:25  Marine x2  
  100  6:28  SCV x2  
  102  6:40  SCV x2, Barracks  
  102  6:43  Starport Reactor  
  102  6:46  Marine x3  
  107  6:50  Combat Shield  
  107  6:52  SCV x2, Siege Tank  
  112  6:59  Barracks  
  113  7:02  Marine x2  
  113  7:04  SCV, Marine x3  
  113  7:07  SCV  
  120  7:08  Orbital Command  
  119  7:17  SCV  
  119  7:19  SCV  
  120  7:23  Marine x5  
  125  7:30  Supply Depot, SCV  
  125  7:31  SCV  
  125  7:35  Marine  
  128  7:40  Marine  
  128  7:41  Marine  
  128  7:42  SCV  
  128  7:43  SCV  
  126  7:44  Marine x3  
  124  7:58  Marine x2  
  124  7:59  SCV  
  124  8:00  SCV x2  
  124  8:02  Marine x3  
  124  8:03  Siege Tank  
  124  8:05  Barracks Reactor x2  
  120  8:11  SCV  
  120  8:12  Supply Depot, SCV x2, Armory  
  123  8:15  Supply Depot x2  
  123  8:16  Marine  
  123  8:18  Marine  
  116  8:20  Marine x3, Command Center  
  116  8:23  SCV  
  116  8:24  SCV x2  
  107  8:34  Marine  
  99  8:36  Marine  
  99  8:37  Marine  
  99  8:38  Siege Tank, Marine x2  
  99  8:39  Viking x2  
  111  8:41  Marine x3  
  111  8:42  Marine  
  111  8:46  Sensor Tower  
  115  8:52  Marine  
  115  8:54  Marine  
  117  8:55  Marine  
  117  8:56  Barracks  
  117  8:57  Marine  
  117  8:58  Marine, Barracks  
  117  8:59  Marine x4, Barracks  
  124  9:04  SCV x3  
  124  9:09  Marine  
  127  9:12  Marine  
  127  9:13  Marine  
  127  9:15  Marine x2  
  128  9:17  SCV, Marine  
  128  9:18  SCV  
  128  9:22  SCV  
  128  9:23  Marine x3  
  126  9:27  Marine  
  126  9:30  SCV x2, Marine, Medivac x2  
  126  9:31  Marine  
  129  9:33  Marine x2, Command Center  
  129  9:35  Marine  
  132  9:40  Siege Tank, Marine, Barracks  
  132  9:41  Marine x2, Barracks  
  132  9:45  Marine  
  137  9:48  Marine, Terran Infantry Armor Level 2, Terran Infantry Weapons Level 2  
  137  9:49  Marine, Terran Vehicle Weapons Level 1  
  137  9:51  Marine x2  
  142  9:57  Sensor Tower  
  142  10:00  Medivac  
  142  10:01  Marine  
  142  10:02  Marine x3  
  142  10:03  Marine  
  142  10:05  Marine  
  142  10:07  Marine  
  150  10:10  Missile Turret  
  151  10:19  Marine x4  
  151  10:20  Siege Tank  
  159  10:22  Barracks Reactor  
  159  10:27  Factory  
  159  10:28  SCV x3  
  159  10:29  Barracks Reactor  
  159  10:33  Barracks Reactor  
  159  10:35  Barracks Reactor  
  162  10:42  SCV x2  
  162  10:43  Refinery, Command Center  
  162  10:44  Refinery  
  162  10:48  Marine x2  
  162  10:49  Marine  
  162  10:52  Siege Tank  
  162  10:55  Marine x2  
  162  10:56  Marine  
  165  11:00  SCV x3  
  167  11:04  Marine  
  167  11:05  Marine x2  
  170  11:13  Marine x7  
  170  11:14  Marine  
  178  11:21  Supply Depot  
  178  11:23  Orbital Command, Siege Tank  
  178  11:24  Siege Tank, Command Center  
  182  11:26  Command Center  
  182  11:34  Missile Turret, Sensor Tower  
  182  11:44  Marine  
  182  11:45  Marine x7  
  182  11:46  Marine x3  
  192  11:48  Marine x4  
  192  11:50  Marine  
  191  11:55  Siege Tank  
  191  11:56  Siege Tank  
  168  12:02  Marine x2  
  168  12:03  Marine x8  
  168  12:04  Marine  
  168  12:07  Marine  
  172  12:11  Marine x2  
  172  12:12  Medivac  
  172  12:13  Medivac  
  166  12:15  Marine  
  166  12:16  Marine  
  166  12:20  Marine x2  
  166  12:21  Marine x2  
  163  12:27  Siege Tank  
  156  12:34  Marine  
  156  12:35  Siege Tank  
  148  12:42  Marine  
Show
View Real Time Build Order
Export as new Build Order

Cure Terran - Winner!

Build Orders: Cyclone Opening, Reaper Expand 

Get SALT Encoding   

  12  0:00  SCV  
  13  0:12  SCV  
  14  0:16  Supply Depot  
  14  0:24  SCV  
  15  0:38  SCV  
  15  0:40  Barracks  
  15  0:42  Refinery  
  16  0:50  SCV  
  17  1:02  SCV  
  18  1:14  SCV  
  19  1:27  Orbital Command, Reaper  
  20  1:37  Command Center  
  20  1:45  Supply Depot  
  20  1:53  SCV  
  21  1:59  Marine  
  22  2:05  SCV  
  22  2:07  Factory  
  23  2:16  Marine, Refinery  
  23  2:17  SCV  
  25  2:29  SCV  
  26  2:34  Marine  
  27  2:41  SCV  
  28  2:48  Orbital Command  
  30  2:51  Cyclone  
  30  2:52  Starport  
  30  2:53  SCV  
  31  2:59  Barracks Reactor  
  31  3:05  SCV  
  32  3:15  SCV  
  32  3:18  SCV  
  34  3:22  Supply Depot  
  34  3:24  Cyclone  
  36  3:27  SCV  
  36  3:30  SCV  
  38  3:35  Refinery, Medivac  
  38  3:37  Marine x2  
  38  3:40  SCV  
  43  3:42  SCV  
  43  3:44  Supply Depot  
  44  3:52  SCV  
  44  3:54  SCV, Marine x2  
  48  3:57  Factory Tech Lab  
  48  4:04  Supply Depot, SCV  
  48  4:05  Starport Tech Lab  
  48  4:06  SCV  
  50  4:11  Command Center  
  50  4:16  SCV  
  51  4:18  SCV  
  51  4:20  Siege Tank, Marine  
  51  4:23  Marine  
  57  4:26  Raven  
  57  4:29  SCV  
  60  4:33  Supply Depot, Interference Matrix  
  60  4:35  SCV  
  61  4:38  Marine  
  61  4:41  SCV, Marine  
  64  4:47  SCV, Barracks  
  64  4:52  Siege Tank  
  68  4:54  SCV  
  68  4:55  Barracks  
  69  5:00  Raven  
  69  5:01  SCV  
  69  5:04  Supply Depot  
  69  5:06  SCV, Marine x2  
  75  5:12  Refinery  
  75  5:14  SCV  
  75  5:18  SCV, Engineering Bay  
  75  5:19  Engineering Bay  
  77  5:24  Orbital Command  
  77  5:26  SCV  
  78  5:30  SCV, Marine  
  78  5:31  Marine  
  78  5:35  Raven  
  83  5:41  Factory Reactor  
  83  5:43  Marine, Stimpack  
  83  5:44  Barracks Tech Lab  
  84  5:51  Terran Infantry Weapons Level 1, Barracks x2  
  84  5:58  Terran Infantry Armor Level 1  
  84  6:00  Marine x2  
  84  6:01  Marine, Missile Turret  
  84  6:03  Orbital Command, Marine  
  88  6:04  Missile Turret  
  88  6:06  Combat Shield  
  88  6:07  SCV  
  88  6:08  SCV  
  90  6:13  Supply Depot  
  90  6:20  SCV x2, Marine  
  90  6:21  Marine x3  
  90  6:24  Supply Depot  
  96  6:29  Siege Tank  
  96  6:30  Medivac  
  101  6:35  SCV x3  
  101  6:36  Supply Depot  
  101  6:37  Supply Depot  
  101  6:38  Marine, Medivac  
  107  6:40  Barracks Reactor  
  107  6:45  Marine x2, Barracks Reactor  
  107  6:46  Marine  
  110  6:47  SCV x2  
  110  6:48  SCV  
  113  6:54  Armory  
  113  6:58  Marine  
  113  6:59  SCV x2  
  113  7:00  SCV  
  117  7:03  Marine x2  
  117  7:04  Marine  
  117  7:06  Supply Depot, Siege Tank  
  117  7:08  Refinery  
  123  7:10  Refinery  
  121  7:15  Marine  
  121  7:16  SCV  
  121  7:17  SCV x2, Marine x2  
  121  7:21  Marine x2, Medivac x2  
  133  7:28  SCV, Marine x3  
  133  7:29  SCV x2  
  139  7:41  Marine x2  
  141  7:45  Supply Depot  
  141  7:46  Supply Depot  
  141  7:50  Marine x2  
  141  7:55  Marine x2  
  141  7:56  Marine  
  141  7:57  Marine  
  141  7:58  Siege Tank, Marine, SCV  
  140  7:59  SCV x2, Marine  
  140  8:04  Terran Infantry Armor Level 2, Terran Infantry Weapons Level 2  
  132  8:05  Medivac  
  132  8:08  Marine x2  
  136  8:13  Marine x2  
  136  8:14  Marine  
  136  8:15  Marine  
  136  8:16  Marine x2  
  132  8:20  SCV x2  
  132  8:26  Marine x2  
  118  8:30  Siege Tank  
  118  8:31  Marine x2  
  118  8:32  Marine  
  119  8:34  Marine x2  
  119  8:40  Medivac x2  
  125  8:43  Marine x2  
  125  8:45  Factory  
  125  8:48  Terran Vehicle Weapons Level 1, Command Center  
  126  8:49  Marine x2  
  126  8:50  Marine  
  126  8:52  Marine x2, Barracks Reactor  
  131  9:00  SCV x3, Barracks  
  131  9:01  Marine x2, Barracks x2  
  136  9:06  Marine x2  
  136  9:08  Marine  
  139  9:11  Marine x2  
  139  9:13  Siege Tank  
  143  9:19  Marine x2  
  130  9:24  Marine x2  
  130  9:25  Marine  
  130  9:29  Marine x2  
  130  9:30  SCV x3  
  138  9:32  Marine x2  
  138  9:37  Marine x2  
  142  9:41  Medivac x2  
  142  9:42  SCV x3, Marine x2, Siege Tank  
  142  9:43  Marine  
  155  9:47  Marine x2  
  157  9:57  Barracks Reactor  
  157  9:58  Barracks Reactor x2  
  157  9:59  Supply Depot x2  
  157  10:00  Supply Depot, SCV x3, Marine x2  
  157  10:02  Planetary Fortress  
  157  10:04  Marine, Sensor Tower  
  157  10:07  Sensor Tower  
  163  10:08  Marine x4  
  163  10:12  SCV  
  163  10:13  Siege Tank  
  171  10:16  Missile Turret  
  171  10:17  Marine  
  171  10:20  Marine x3  
  175  10:22  Siege Tank  
  178  10:31  Marine x5  
  178  10:35  Marine  
  183  10:38  Marine x2  
  186  10:45  Siege Tank  
  165  10:50  Marine x6  
  165  10:51  Marine x2  
  165  10:54  Siege Tank  
  165  10:56  Medivac  
  172  10:58  Marine x6  
  178  11:13  Marine x2  
  178  11:14  Marine x2  
  178  11:17  Siege Tank  
  183  11:20  Marine x6  
  183  11:24  Marine x4  
  192  11:26  Siege Tank  
  192  11:28  Marine  
  192  11:30  Command Center  
  196  11:42  Marine  
  196  11:44  Marine  
  196  11:47  Orbital Command, Marine x3  
  196  11:49  Marine  
  196  11:50  Marine  
  196  11:54  Marine x2  
  196  11:56  Marine x2  
  196  11:57  Marine x4  
  196  11:58  Siege Tank x2  
  196  12:00  Marine  
  181  12:02  Marine  
  181  12:04  Marine  
  181  12:05  Marine x2  
  181  12:07  Marine  
  181  12:08  Marine  
  183  12:12  Marine x2  
  183  12:13  Marine  
  183  12:14  Marine x3  
  183  12:15  Marine x2  
  185  12:18  Marine  
  185  12:20  Marine  
  185  12:22  Marine  
  187  12:23  Marine x2  
  187  12:25  Marine  
  187  12:26  Marine  
  188  12:36  Marine x3  
  188  12:37  Marine x6  
  180  12:38  Marine  
  180  12:40  Marine  
  180  12:41  Marine x2  
  180  12:43  Marine  
  180  12:44  Marine  
Tags
 
Add a new tag
Caveats
  • Supply blocks, unpowered buildings, or Contaminate may cause inaccurate times.
  • Supply counts are checked every 10 seconds.